AoeStats
← ivcrk826

Nomad

507444963Analyzed
2v2 RM · 15d ago on Sep 18, 2026· 35m 56s· 4 players
Game mode
Random Map
Map size
176×176
Population
200
Speed
Normal
Resources
Standard
Victory
Conquest
Starting age
Dark Age
Ending age
Imperial Age
RankedLock teamsTeams togetherTeam positionsShared explorationLock speedFull tech treeHidden civsTurbo modeCheats
Victory
Defeat
🇨🇳 Mongols · China
1565
+8
🇦🇷 Malians · Argentina
1434
+13
🇷🇺 Wu · Russia
1460
-13
🇷🇺 Maya · Russia
1288
-8
GELO163Rus
5:22 Loom
15:30 Feudal Age
16:29 Double-Bit Axe
20:36 Castle Age
19:28 Fletching
Artist163Rus
4:27 Loom
13:46 Feudal Age
16:29 Fletching
18:56 Castle Age
19:34 Padded Archer Armor
19:25 Crossbowman
20:11 Thumb Ring
21:28 Horse Collar
22:17 Double-Bit Axe
25:30 Bodkin Arrow
27:33 Ballistics
27:35 Leather Archer Armor
31:09 Bow Saw
33:52 Gold Mining
36:24 Wheelbarrow
ivcrk826
6:39 Loom
16:21 Feudal Age
21:53 Fletching
22:45 Double-Bit Axe
27:03 Castle Age
26:26 Man-at-Arms
27:16 Scale Mail Armor
27:34 Long Swordsman
31:27 Arson
32:50 Forging
歪歪老登
13:11 Feudal Age
13:25 Loom
14:25 Double-Bit Axe
14:32 Stone Mining
17:02 Castle Age
16:06 Gold Mining
17:18 Fletching
17:46 Fishing Lines
18:18 Bodkin Arrow
18:47 Padded Archer Armor
20:19 Bow Saw
25:06 Ballistics
28:37 Wheelbarrow
29:10 Husbandry
30:42 Gold Shaft Mining
32:11 Leather Archer Armor
32:14 Bloodlines
35:36 Imperial Age
33:32 Horse Collar
35:52 Heavy Plow
36:49 Stone Shaft Mining
36:22 Thumb Ring
36:26 Bracer
37:32 Chemistry
Connection lost

Rejoining the realm…

Still unreachable

The connection could not be restored.

Session expired

The server has moved on; the page needs a fresh start.